 Dungeon Crawl Stone Soup version 0.27-a0-412-g8dd771eca2 (webtiles) character file.

Game seed: 2771084173663789668

64 Morbidden the Conjurer (level 3, -3/26 HPs)
             Began as a Demonspawn Conjurer on Feb 24, 2021.
             Shot with an arrow by a centaur (8 damage)
             ... on level 3 of the Dungeon.
             The game lasted 00:02:27 (1929 turns).

Morbidden the Conjurer (Demonspawn Conjurer)        Turns: 1929, Time: 00:02:28

Health: -3/26      AC:  3    Str:  7    XL:     3   Next: 91%
Magic:  2/6        EV: 11    Int: 26    God:
Gold:   125        SH:  0    Dex: 11    Spells: 3/6 levels left

rFire    . . .     SeeInvis .   (no weapon)
rCold    . . .     Faith    .   (no shield)
rNeg     . . .     Spirit   .   d - +0 leather armour
rPois    .         Reflect  .   (no helmet)
rElec    .         Harm     .   (no cloak)
rCorr    .         Rampage  .   (no gloves)
Will     .....                  (no boots)
Stlth    ++........             (no amulet)
HPRegen  0.08/turn              f - +6 ring of intelligence
MPRegen  0.10/turn              (no ring)

@: no status effects
A: claws 2
a: no special abilities


You were on level 3 of the Dungeon.
You visited 1 branch of the dungeon, and saw 3 of its levels.

You collected 125 gold pieces.

Inventory:

Missiles
 g - 7 boomerangs
Armour
 d - a +0 leather armour (worn)
Jewellery
 f - a +6 ring of intelligence (left claw)
Wands
 l - a wand of polymorph (10)
Scrolls
 b - 3 scrolls of teleportation {unknown}
 c - a scroll of enchant armour {unknown}
 e - 2 scrolls of magic mapping {unknown}
 h - a scroll of random uselessness {unknown}
 k - a scroll of fear {unknown}
Potions
 a - a potion of curing {unknown}
 i - a potion of attraction {unknown}
 j - a potion of lignification {unknown}


   Skills:
 * Level 1.1 Fighting
 + Level 0.4 Armour
 * Level 1.9 Dodging
 + Level 2.0 Stealth
 + Level 0.4 Unarmed Combat
 * Level 2.4 Spellcasting
 * Level 4.7 Conjurations


You had 3 spell levels left.
You knew the following spells:

 Your Spells              Type           Power        Failure   Level
a - Magic Dart            Conj           100%         2%          1
b - Searing Ray           Conj           54%          3%          2

Your spell library contained the following spells:

 Spells                   Type           Power        Failure   Level
 Dazzling Flash           Conj/Hex       30%          17%         3
 Fulminant Prism          Conj/Hex       7%           50%         4
 Iskenderun's Mystic Bla  Conj/Tloc      15%          50%         4


Dungeon Overview and Level Annotations

Branches:
Dungeon (3/15)

Altars:
Gozag


Innate Abilities, Weirdness & Mutations

You have very sharp fingernails.


Message History

Casting: Magic Dart (safe; 2% risk of failure)
Confirm with . or Enter, or press ? or * to list all spells.
Aiming: Searing Ray (safe; 3% risk of failure)
Press: ? - help, Shift-Dir - straight line, f - orc
Aim: an orc, wielding a +0 flail (severely wounded, 21% to evade)
The searing ray hits the orc!
You kill the orc! (Press . to maintain the ray.) Unknown command.
Unknown command.
Things that are here:
a +0 flail; an orc corpse You now have 125 gold pieces (gained 18).
A centaur comes into view.
The centaur shouts!
The centaur wields a +0 shortbow.
The centaur shoots an arrow.
The arrow hits you!
A centaur is nearby!
A centaur is nearby!
You start resting.
A centaur is nearby!
Casting: Searing Ray (safe; 3% risk of failure)
Confirm with . or Enter, or press ? or * to list all spells.
Aiming: Searing Ray (safe; 3% risk of failure)
Press: ? - help, Shift-Dir - straight line, f - centaur
Aim: a centaur, wielding a +0 shortbow and quivering arrows (13% to evade)
The searing ray hits the centaur!
The centaur is heavily wounded. (Press . to maintain the ray.)
The centaur shoots an arrow.
The arrow hits you.
The centaur shoots an arrow.
The arrow misses you.
The searing ray hits the centaur.
The centaur is severely wounded.
The centaur shoots an arrow.
The arrow barely misses you.
The searing ray hits the centaur.
The centaur is almost dead.
The centaur shoots an arrow.
The arrow hits you!
* * * LOW HITPOINT WARNING * * *
The centaur shoots an arrow.
The arrow hits you!
You die...

#########
..c...c!#
#.# #@#
#.# #.#
#.# #.#
#.# #.#
#.# #.#


You could see a centaur.

Vanquished Creatures
  A gnoll (D:1)
  An ooze (D:2)
  A worm (D:2)
  3 dart slugs (D:1)
  A leopard gecko (D:3)
  An orc (D:3)
  4 bats
  2 giant cockroaches
  7 goblins
  7 hobgoblins
  3 kobolds
  3 frilled lizards
  4 rats
38 creatures vanquished.

Notes
Turn   | Place    | Note
-------+----------+-------------------------------------------
     0 | D:1      | Morbidden the Demonspawn Conjurer began the quest for the
                  | Orb.
     0 | D:1      | Reached XP level 1. HP: 13/13 MP: 3/3
   291 | D:1      | Gained mutation: You have sharp fingernails. [demonic
                  | ancestry]
   291 | D:1      | Reached XP level 2. HP: 20/20 MP: 1/5
   754 | D:1      | Gained mutation: You have very sharp fingernails. [demonic
                  | ancestry]
   754 | D:1      | Reached XP level 3. HP: 25/25 MP: 6/6
   910 | D:1      | Reached skill level 1 in Fighting
   942 | D:1      | Learned a level 2 spell: Searing Ray
  1043 | D:2      | Found an opulent altar of Gozag.
  1923 | D:3      | Noticed a centaur
  1929 | D:3      | Shot with an arrow by a centaur

Illustrated notes

Levels and vault maps discovered:
D:1:      matt_arrival_diagonals, layout_basic, serial_park_tiny_1
D:2:      layout_rooms, minmay_liquid_box, grunt_gozag_breadcrumbs
D:3:      layout_loops_ring, chequers_ecumenical_altar_lobes

Skill      XL: |  1  2  3 |
---------------+----------+-----
Fighting       | 1 |  1.1
Stealth        | 2 |  2.0
Armour         | |  0.4
Dodging        | |  1.9
Unarmed Combat | |  0.4
Spellcasting   | |  2.4
Conjurations   | |  4.7

Action                   || total
-------------------------++-------
Melee: Unarmed           ||    82
 Cast: Magic Dart        ||    47
       Searing Ray       ||     4
Armor: Robe              ||     3
       Leather armour    ||    11
Dodge: Dodged            ||    49

Table legend: (Time is in decaauts)
 A = Elapsed time spent in this place.
 B = Non-inter-level travel time spent in this place.
 C = Inter-level travel time spent in this place.
 D = Time resting spent in this place.
 E = Time spent auto-exploring this place.
 F = Levels seen in this place.
 G = Mean time per level.
                   A        B        C        D        E       F      G
               +--------+--------+--------+--------+--------+-----+--------+
         Total |   1927 |   1898 |     29 |    157 |   1446 |   3 |  642.3 |
       Dungeon |   1927 |   1898 |     29 |    157 |   1446 |   3 |  642.3 |
               +--------+--------+--------+--------+--------+-----+--------+

Top non-repeatable levels by time:
     D:1: 1025 daAuts
     D:2: 555 daAuts
     D:3: 346 daAuts
